 Dungeon Crawl Stone Soup version 0.18.1-48-g4cf74bf (webtiles) character file.

4677 sarahorange the Shield-Bearer (level 10, -6/74 HPs)
             Began as a Demonspawn Fighter on Aug 10, 2016.
             Was an Elder of Okawaru.
             Splashed by a jelly's acid (10 damage)
             ... on level 7 of the Dungeon on Aug 11, 2016.
             The game lasted 01:07:19 (9306 turns).

sarahorange the Shield-Bearer (Demonspawn Fighter)  Turns: 9306, Time: 01:07:21

Health: -6/74      AC: -1    Str: 19    XL:     10   Next: 21%
Magic:  25/25      EV: 12    Int: 11    God:    Okawaru [****..]
Gold:   428        SH: 10    Dex: 12    Spells: 0 memorised, 17 levels left

rFire  . . .     SeeInvis .     H - +0 rapier
rCold  . . .     Gourm    .     y - quicksilver dragon armour
rNeg   . . .     Faith    .     c - +0 shield
rPois  +         Spirit   .     (helmet restricted)
rElec  .         Dismiss  .     G - +0 cloak
rCorr  .         Reflect  .     (no gloves)
SustAt .         Harm     .     (no boots)
MR     +....                    q - amulet of regeneration
Stlth  +++.......               x - ring of poison resistance
                                s - ring of magical power

@: corroded, somewhat resistant to hostile enchantments, fairly stealthy
A: horns 2, slimy green scales 1, nightstalker 2
a: Heroism, Renounce Religion


You were on level 7 of the Dungeon.
You worshipped Okawaru.
Okawaru was greatly pleased with you.
You were not hungry.

You visited 2 branches of the dungeon, and saw 9 of its levels.

You collected 428 gold pieces.

Inventory:

Hand Weapons
 a - a +0 war axe
 H - a +0 rapier (weapon)
Missiles
 e - 185 stones (quivered)
 l - 21 poisoned needles
 w - 8 curare-tipped needles
Armour
 c - a +0 shield (worn)
 y - a quicksilver dragon armour (worn)
 G - a +0 cloak (worn)
Jewellery
 q - an amulet of regeneration (around neck)
 s - a ring of magical power (left hand)
 x - a ring of poison resistance (right hand)
Wands
 I - a wand of paralysis (13/24)
 J - a wand of acid (11/15)
Scrolls
 b - a scroll of fog
 i - 2 scrolls of teleportation
 n - 7 scrolls of identify
 u - 2 scrolls of immolation
 z - a scroll of blinking
 B - a scroll of noise {unknown}
 E - 2 scrolls of remove curse
 F - a scroll of fear
Potions
 d - a potion of agility {unknown}
 h - 2 potions of resistance {unknown}
 j - a potion of lignification
 k - 5 potions of curing
 m - 2 potions of cancellation {unknown}
 o - a potion of berserk rage {unknown}
 t - a potion of degeneration {unknown}
 v - a potion of haste {unknown}
 A - a potion of might
 D - 2 potions of brilliance {unknown}
 L - a potion of cure mutation {unknown}
Books
 C - a book of Clouds

   Spells                             Type                      Level
   a - Mephitic Cloud                 Conjuration/Poison/Air       3
   b - Conjure Flame                  Conjuration/Fire             3
   c - Poisonous Cloud                Conjuration/Poison/Air       6
   d - Freezing Cloud                 Conjuration/Ice/Air          6
   e - Ring of Flames                 Charms/Fire                  7
Comestibles
 g - 6 meat rations
 p - 5 bread rations
 r - a fruit
 K - 2 chunks of flesh


   Skills:
 + Level 5.4 Fighting
 * Level 2.6 Short Blades
 - Level 5.1 Axes
 + Level 2.3 Throwing
 + Level 5.8 Armour
 + Level 5.7 Dodging
 + Level 2.2 Stealth
 + Level 7.1 Shields
 * Level 4.3 Spellcasting


You had 17 spell levels left.
You didn't know any spells.

Dungeon Overview and Level Annotations

Branches:
Dungeon (8/15)             Temple (1/1) D:4
   Lair: D:8-11

Altars:
Ashenzari
Cheibriados
Dithmenos
Elyvilon
Fedhas
Gozag
Kikubaaqudgha
Makhleb
Nemelex Xobeh
Okawaru
Pakellas
Qazlal
Ru
Sif Muna
Trog
Vehumet
Xom
Yredelemnul
Zin
The Shining One

Shops:
D:6 [


Innate Abilities, Weirdness & Mutations

You have a pair of horns on your head.
You are partially covered in slimy green scales (AC +2).
You are significantly more attuned to the shadows.


Message History

You headbutt the jelly.
The jelly is heavily wounded.
The jelly closely misses you.
You hit the jelly. The acid corrodes you!
Your hands burn!
* * * LOW HITPOINT WARNING * * *
You headbutt the jelly!
The jelly is almost dead.
The jelly misses you.
You hit the jelly but do no damage.
Your hands burn!
* * * LOW HITPOINT WARNING * * *
The jelly is almost dead.
You block the jelly's attack.
You hit the jelly. The acid corrodes you!
Your hands burn!
* * * LOW HITPOINT WARNING * * *
Your headbutt misses the jelly.
The jelly is almost dead.
The jelly hits you.
* * * LOW HITPOINT WARNING * * *
You are splashed with acid!
The acid corrodes you!
The acid burns!
You die...

.................#
.................#
.................#
......))##.......#
#####.)>##.......#
....######.......#
....#............#
....#...#######..#
....#..##.....##@#
....#..#.......#J#
....#......<.....#
....#...⌠.....⌠.##
....#...........#
....#.....⌠.⌠...#
#######.........#
#.⌠.[...⌠.#
#....>)...#


You could see a jelly.

Vanquished Creatures
  Grinder (D:3)
  The ghost of ThereIsNoGod the Cleaver, an amateur MiGl of Makhleb (D:5)
  Sigmund (D:4)
  A hungry ghost (D:7)
  A hippogriff (D:3)
  Duvessa (D:6)
  2 orc warriors
  2 ice beasts
  2 sky beasts (D:7)
  A phantom (D:4)
  2 centaurs
  4 ogres
  2 big kobolds
  2 giant frogs (D:7)
  Dowan (D:6)
  11 killer bees (D:7)
  3 scorpions
  4 howler monkeys
  2 crimson imps
  3 giant frog zombies
  4 jellies
  A centaur skeleton (D:4)
  4 orc priests
  A gnoll shaman (D:8)
  4 hounds
  7 orc wizards
  Terence (D:2)
  2 iguanas (D:8)
  7 worker ants
  A hound skeleton (D:6)
  12 gnolls
  A howler monkey skeleton (D:4)
  5 adders
  3 river rats (D:5)
  2 adder zombies
  An adder skeleton (D:5)
  A worm (D:4)
  5 dart slugs
  2 giant geckos
  34 orcs
  8 giant cockroaches
  9 goblins
  6 hobgoblins
  11 jackals
  9 kobolds
  5 quokkas
  3 ball pythons
  8 bats
  2 giant gecko skeletons
  7 giant newts
  A quokka skeleton (D:4)
  30 rats
244 creatures vanquished.

Vanquished Creatures (others)
  An orc priest (D:4)
1 creature vanquished.

Grand Total: 245 creatures vanquished

Notes
Turn   | Place    | Note
--------------------------------------------------------------
     0 | D:1      | sarahorange the Demonspawn Fighter began the quest for the Orb.
     0 | D:1      | Reached XP level 1. HP: 18/18 MP: 1/1
   269 | D:1      | Gained mutation: You are partially covered in slimy green scales (AC +2). [demonic ancestry]
   269 | D:1      | Reached XP level 2. HP: 20/24 MP: 2/2
   392 | D:1      | Reached skill level 3 in Shields
   595 | D:1      | Reached XP level 3. HP: 22/29 MP: 3/3
   814 | D:2      | Noticed Terence
   844 | D:2      | HP: 1/29 [Terence/trident (6)]
   845 | D:2      | Killed Terence
  1308 | D:2      | Found a shattered altar of Ashenzari.
  1376 | D:2      | Reached XP level 4. HP: 33/35 MP: 4/4
  2632 | D:3      | Noticed Grinder
  2639 | D:3      | Paralysed by Grinder for 2 turns
  2873 | D:4      | Reached skill level 1 in Dodging
  2873 | D:4      | Gained mutation: You are slightly more attuned to the shadows. [demonic ancestry]
  2873 | D:4      | Reached XP level 5. HP: 41/41 MP: 5/5
  2969 | D:4      | Noticed a phantom
  3080 | D:4      | Killed a phantom
  3080 | D:4      | Reached skill level 1 in Throwing
  3205 | D:4      | Reached XP level 6. HP: 38/48 MP: 6/6
  3211 | D:4      | Noticed a hippogriff
  3289 | D:3      | Killed a hippogriff
  3289 | D:3      | Reached skill level 4 in Shields
  3453 | D:4      | Gained mutation: You have a pair of small horns on your head. [demonic ancestry]
  3453 | D:4      | Reached XP level 7. HP: 52/53 MP: 7/7
  3457 | D:4      | Found a staircase to the Ecumenical Temple.
  3463 | Temple   | Entered the Ecumenical Temple
  3537 | Temple   | Became a worshipper of Warmaster Okawaru
  3636 | D:4      | Noticed Sigmund
  3663 | D:4      | Reached skill level 1 in Stealth
  3692 | D:4      | Noticed a moth of wrath
  3695 | D:4      | Found a bloodstained altar of Trog.
  4046 | D:5      | Entered Level 5 of the Dungeon
  4308 | D:5      | Noticed ThereIsNoGod's ghost (amateur MiGl)
  4518 | D:5      | Reached * piety under Okawaru
  4811 | D:5      | Gained mutation: You are significantly more attuned to the shadows. [demonic ancestry]
  4811 | D:5      | Reached XP level 8. HP: 61/61 MP: 8/8
  5392 | D:3      | Killed Grinder
  5392 | D:3      | Reached skill level 5 in Shields
  5838 | D:6      | Reached skill level 1 in Spellcasting
  6023 | D:6      | Noticed Duvessa
  6024 | D:6      | Noticed Dowan
  6060 | D:6      | Killed Duvessa
  6060 | D:6      | Reached ** piety under Okawaru
  6071 | D:6      | Killed Dowan
  6213 | D:6      | Found Pikkena's Armour Shoppe.
  6384 | D:6      | Reached skill level 5 in Armour
  6653 | D:7      | Gained mutation: You have a pair of horns on your head. [demonic ancestry]
  6653 | D:7      | Reached XP level 9. HP: 67/67 MP: 12/12
  6803 | D:7      | Reached skill level 5 in Fighting
  6905 | D:7      | Reached skill level 6 in Shields
  7198 | D:7      | Reached skill level 5 in Axes
  7496 | D:5      | Killed ThereIsNoGod's ghost
  7496 | D:5      | Reached *** piety under Okawaru
  7676 | D:4      | Killed Sigmund
  7676 | D:4      | Reached skill level 1 in Short Blades
  7983 | D:8      | Reached skill level 5 in Dodging
  8673 | D:7      | Reached **** piety under Okawaru
  8673 | D:7      | Reached XP level 10. HP: 70/74 MP: 16/16
  8781 | D:7      | Reached skill level 7 in Shields
  9306 | D:7      | Splashed by a jelly's acid

Skill      XL: |  1  2  3  4  5  6  7  8  9 10 |
---------------+-------------------------------+-----
Shields        | 3 4 5 6 7 |  7.1
Armour         | 3 4 5 |  5.8
Axes           | 2 3 4 5 |  5.1
Dodging        | 1 2 3 4 5 |  5.7
Throwing       | 1 2 |  2.3
Stealth        | 1 2 |  2.2
Fighting       | 4 5 |  5.4
Spellcasting   | 2 4 |  4.3
Short Blades   | 2 |  2.6

Action                   |  1- 3 |  4- 6 |  7- 9 | 10-12 || total
-------------------------+-------+-------+-------+-------++-------
Melee: War axe           |   128 |   257 |   484 |       ||   869
       Headbutt          |       |       |   133 |    38 ||   171
       Rapier            |       |       |   258 |   249 ||   507
Throw: Stone             |    19 |    50 |    24 |    17 ||   110
Invok: Heroism           |       |       |       |     1 ||     1
  Use: Scroll            |       |     9 |     7 |       ||    16
       Potion            |       |     3 |     3 |     6 ||    12
 Stab: Sleeping          |       |       |    13 |       ||    13
  Eat: Bread ration      |     1 |       |       |       ||     1
       Chunk             |       |     3 |    19 |       ||    22
       Beef jerky        |       |     1 |       |       ||     1
       Fruit             |       |       |     1 |     3 ||     4
       Royal jelly       |       |       |     1 |       ||     1
       Pizza             |       |       |     3 |       ||     3
Armor: Scale mail        |    71 |   127 |    29 |       ||   227
       Skin              |       |    15 |       |       ||    15
       Quicksilver drago |       |       |   307 |   153 ||   460
Dodge: Dodged            |    40 |    83 |   343 |   197 ||   663
Block: Shield            |    77 |   158 |   449 |   206 ||   890
